 Dungeon Crawl Stone Soup version 0.23.0-3-gf3c87f2df8 (webtiles) character file.

Game seed: 1148607794463754412

2162 PikkenKukken the Gusty (level 9, -5/61 (62) HPs)
             Began as a Pale Draconian Air Elementalist on Feb 22, 2019.
             Was a Priest of Kikubaaqudgha.
             Slain by an orc warrior
             ... wielding a +0 war axe
              (22 damage)
             ... in a bailey.
             The game lasted 00:33:21 (9446 turns).

PikkenKukken the Gusty (DrAE)                       Turns: 9446, Time: 00:33:22

HP:   -5/61 (62)    AC:  8    Str: 11    XL:     9   Next: 10%
MP:   1/15          EV: 15    Int: 23    God:    Kikubaaqudgha [***...]
Gold: 245           SH:  0    Dex: 12    Spells: 3/17 levels left

rFire    . . .     SeeInvis .   m - +0 scimitar (elec)
rCold    . . .     Gourm    .   (no shield)
rNeg     . . .     Faith    .   (armour unavailable)
rPois    +         Spirit   .   a - +1 hat
rElec    .         Reflect  .   (no cloak)
rCorr    .         Harm     .   (no gloves)
MR       .....                  (no boots)
Stlth    ++........             (no amulet)
HPRegen  0.20/turn              k - ring of poison resistance
MPRegen  0.14/turn              l - +5 ring of intelligence

@: short of breath
A: breathe steam, unfitting armour, cold-blooded, AC +7
a: Breathe Steam, Receive Corpses, Renounce Religion


You were in a bailey.
You worshipped Kikubaaqudgha.
Kikubaaqudgha was most pleased with you.
You were not hungry.

You visited 2 branches of the dungeon, and saw 8 of its levels.
You also visited: Bailey.

You collected 245 gold pieces.

Inventory:

Hand Weapons
 c - a +0 short sword of draining
 m - a +0 scimitar of electrocution (weapon)
 q - a +2 trident of flaming
Armour
 a - a +1 hat (worn)
Jewellery
 k - a ring of poison resistance (left hand)
 l - a +5 ring of intelligence (right hand)
Wands
 u - a wand of digging (6)
Scrolls
 f - 3 scrolls of identify
 i - 4 scrolls of remove curse
 j - 2 scrolls of teleportation
 s - a scroll of blinking
 t - a scroll of fog
Potions
 d - 2 potions of heal wounds {unknown}
 e - 3 potions of curing
 g - 2 potions of might
 h - 2 potions of cancellation {unknown}
 n - 4 potions of brilliance {unknown}
 o - a potion of flight {unknown}
 p - 2 potions of haste {unknown}
 r - a potion of degeneration {unknown}
 v - 2 potions of agility {unknown}
 w - 3 potions of invisibility {unknown}
Comestibles
 b - 10 rations


   Skills:
 + Level 6.0 Dodging
 - Level 1.7 Stealth
 + Level 4.5 Spellcasting
 + Level 6.3 Conjurations
 - Level 4.0 Necromancy
 + Level 6.5 Air Magic


You had 3 spell levels left.
You knew the following spells:

 Your Spells              Type           Power        Failure   Level  Hunger
a - Shock                 Conj/Air       ####         1%          1    None
b - Swiftness             Chrm/Air       ###.....     4%          2    None
c - Static Discharge      Conj/Air       ####....     1%          3    ##.....
d - Airstrike             Air            #####.....   7%          4    ####...
e - Animate Dead          Necr           N/A          19%         4    ####...

Your spell library contained the following spells:

 Spells                   Type           Power        Failure   Level  Hunger
 Pain                     Necr           ###.         1%          1    None
 Corpse Rot               Necr           N/A          3%          2    None
 Sublimation of Blood     Necr           ###.......   3%          2    None
 Vampiric Draining        Necr           ###.......   6%          3    ##.....
 Confusing Touch          Hex            #.....       10%         1    None
 Confuse                  Hex            #.......     30%         3    ##.....
 Gell's Gravitas          Tloc           #.........   30%         3    ##.....
 Lightning Bolt           Conj/Air       ####......   19%         5    #####..
 Agony                    Necr           ###.....     47%         5    #####..
 Dispel Undead            Necr           ###.....     47%         5    #####..
 Petrify                  Tmut/Erth      #.......     69%         4    ####...
 Borgnjor's Vile Clutch   Necr/Erth      ##........   77%         5    #####..
 Metabolic Englaciation   Hex/Ice        #.........   95%         5    #####..
 Yara's Violent Unravell  Hex/Tmut       #.........   95%         5    #####..
 Simulacrum               Ice/Necr       ##........   100%        6    #######


Dungeon Overview and Level Annotations

Branches:
Dungeon (7/15)             Temple (1/1) D:5

Altars:
Hepliaklqana
Kikubaaqudgha
Makhleb
Nemelex Xobeh
Okawaru
Qazlal
Ru
Trog
Uskayaw
Yredelemnul
Zin

Shops:
D:5 (


Innate Abilities, Weirdness & Mutations

You can breathe blasts of scalding, opaque steam.
Your pale cyan-grey scales are hard. (AC +7)
You cannot fit into any form of body armour.
You are cold-blooded and may be slowed by cold attacks.


Message History

Confirm with . or Enter, or press ? or * to list all spells.
The hobgoblin is struck by an arc of lightning!
You kill the hobgoblin!
Kikubaaqudgha accepts your kill.
You are struck by an arc of lightning.
* * * LOW HITPOINT WARNING * * *
The goblin is struck by an arc of lightning.
You kill the goblin!
Kikubaaqudgha accepts your kill.
The lightning grounds out.
You have got your breath back.
Press: ? - help, Shift-Dir - straight line, f/p - orc warrior
Aim: an orc warrior, wielding a +0 war axe and wearing a +0 chain mail (heavily wounded)
You exhale a blast of scalding steam.
The ball of steam hits the orc warrior.
The orc warrior is heavily wounded.
You feel somewhat more hungry.
The orc warrior is engulfed in a cloud of scalding steam.
The orc warrior hits you with a +0 war axe!!
You die...
Kikubaaqudgha rasps: "You have failed me!
Welcome... death!"

♣♣##'''##♣ ##.)...## #...)...#
##.......## #......Z).#
##......)).##
#######.....⌠§.)..#######
##.....##)....o...##.....##
#......)).....@..)'.......#
##......)##.......##)......##
#.........#.......#.........#
##.........##.....##.........##
#.....⌠.....#######.....⌠.....#
##.......g.## ##.........##
#.........# #.........#
##...o...## ##.......##
#.......# #.......#


You could see an orc warrior and a friendly orc warrior zombie.

Vanquished Creatures
  2 sky beasts
  3 orc warriors (Bailey)
  5 ogres
  4 bullfrogs
  A crimson imp (D:6)
  3 orc priests
  A centaur skeleton (D:2)
  4 hounds
  3 iron imps (D:6)
  3 orc wizards
  An iguana (D:7)
  5 worker ants
  A hound skeleton (D:7)
  A worker ant zombie (D:6)
  A howler monkey zombie (D:7)
  10 gnolls
  6 adders
  2 howler monkey skeletons
  2 oozes
  A worm (D:5)
  2 dart slugs
  4 leopard geckos
  50 orcs
  8 bats
  17 goblins
  11 hobgoblins
  5 jackals
  4 quokkas
  4 ball pythons
  8 frilled lizards
  8 kobolds
  A leopard gecko skeleton (D:5)
  A leopard gecko zombie (D:6)
  2 quokka skeletons
  A quokka zombie (D:5)
  6 rats
191 creatures vanquished.

Vanquished Creatures (collateral kills)
  2 gnolls (Bailey)
  An orc (Bailey)
  2 hobgoblins (Bailey)
5 creatures vanquished.

Grand Total: 196 creatures vanquished

Notes
Turn   | Place    | Note
-------+----------+-------------------------------------------
     0 | D:1      | PikkenKukken the Draconian Air Elementalist began the quest
                  | for the Orb.
     0 | D:1      | Reached XP level 1. HP: 14/14 MP: 3/3
   349 | D:1      | Reached XP level 2. HP: 20/20 MP: 3/5
  1414 | D:1      | Reached XP level 3. HP: 25/26 MP: 2/6
  1652 | D:2      | Found an ancient bone altar of Kikubaaqudgha.
  1670 | D:2      | Became a worshipper of Kikubaaqudgha
  1742 | D:2      | Reached XP level 4. HP: 17/33 MP: 4/7
  1930 | D:2      | Found a sacrificial altar of Ru.
  2062 | D:2      | Noticed an ogre
  2080 | D:2      | Killed an ogre
  2080 | D:2      | Reached XP level 5. HP: 31/38 MP: 1/8
  2235 | D:2      | Found a sparkling altar of Nemelex Xobeh.
  2366 | D:3      | Found a hide-covered altar of Uskayaw.
  2468 | D:3      | Noticed a +0 dagger
  2468 | D:3      | Noticed a +0 hand axe
  2476 | D:3      | Learned a level 2 spell: Swiftness
  2480 | D:3      | Learned a level 3 spell: Static Discharge
  3083 | D:3      | Found a faded altar of an unknown god.
  3151 | D:3      | Reached * piety under Kikubaaqudgha
  3151 | D:3      | Identified Kikubaaqudgha's Disquisition on Dark Magic
                  | (Kikubaaqudgha gifted it to you on level 3 of the Dungeon)
  3151 | D:3      | Received a gift from Kikubaaqudgha
  3427 | D:3      | Reached XP level 6. HP: 45/45 MP: 2/9
  3989 | D:4      | Found a bloodstained altar of Trog.
  4203 | D:4      | Found a sparkling altar of Nemelex Xobeh.
  4315 | D:4      | Reached skill level 1 in Necromancy
  4823 | D:5      | Entered Level 5 of the Dungeon
  5027 | D:5      | Noticed a sky beast
  5046 | D:5      | Found Penweaq's Weapon Emporium.
  5075 | D:4      | Killed a sky beast
  5075 | D:4      | Your scales start taking on a pale cyan-grey colour.
  5075 | D:4      | Reached XP level 7. HP: 16/50 MP: 9/11
  5568 | D:5      | Found a staircase to the Ecumenical Temple.
  5578 | D:5      | Reached ** piety under Kikubaaqudgha
  5584 | D:5      | Learned a level 4 spell: Airstrike
  5613 | D:5      | Reached skill level 5 in Dodging
  5613 | D:5      | Reached skill level 5 in Air Magic
  5615 | Temple   | Entered the Ecumenical Temple
  5918 | D:5      | Found a basalt altar of Yredelemnul.
  6080 | D:5      | Found a hazy altar of Hepliaklqana.
  6820 | D:6      | Reached skill level 5 in Conjurations
  6829 | D:6      | Reached XP level 8. HP: 57/57 MP: 4/12
  7424 | D:6      | Found a burning altar of Makhleb.
  8097 | D:7      | Found a stormy altar of Qazlal.
  8100 | D:7      | Noticed an air elemental
  8400 | D:7      | Found a glowing silver altar of Zin.
  8520 | D:7      | Found an iron altar of Okawaru.
  8542 | D:7      | Identified the +2 hand axe "Gexiv" {antimagic, Str+6}
  8544 | D:7      | Reached *** piety under Kikubaaqudgha
  8544 | D:7      | Identified Kikubaaqudgha's Grimoire of Evil (Kikubaaqudgha
                  | gifted it to you on level 7 of the Dungeon)
  8544 | D:7      | Received a gift from Kikubaaqudgha
  8553 | D:7      | Learned a level 4 spell: Animate Dead
  8556 | D:7      | Found a flagged portal.
  8571 | Bailey   | Entered a bailey
  8807 | Bailey   | Reached XP level 9. HP: 4/62 MP: 2/15
  9446 | Bailey   | Slain by an orc warrior

Skill      XL: |  1  2  3  4  5  6  7  8  9 |
---------------+----------------------------+-----
Dodging        | 2 3 4 5 6 |  6.0
Conjurations   | 2 3 4 5 6 |  6.3
Necromancy     | 1 2 4 |  4.0
Air Magic      | 4 5 6 |  6.5
Spellcasting   | 3 4 |  4.5
Stealth        | |  1.7

Action                   |  1- 3 |  4- 6 |  7- 9 || total
-------------------------+-------+-------+-------++-------
Melee: Dagger            |    21 |       |       ||    21
       Tailslap          |     5 |    10 |     7 ||    22
       Short sword       |    21 |    55 |       ||    76
       Trident           |       |    39 |       ||    39
       Scimitar          |       |       |    60 ||    60
 Cast: Shock             |    48 |   110 |   166 ||   324
       Static Discharge  |       |    10 |    18 ||    28
       Swiftness         |       |     2 |       ||     2
       Airstrike         |       |       |     7 ||     7
       Animate Dead      |       |       |     8 ||     8
 Abil: Breathe Steam     |       |       |     4 ||     4
  Use: Scroll            |     5 |     5 |     1 ||    11
 Stab: Sleeping          |       |     1 |       ||     1
  Eat: Chunk             |     4 |    12 |    12 ||    28
       Ration            |       |       |     2 ||     2
Armor: Skin              |    29 |    36 |    18 ||    83
Dodge: Dodged            |    41 |   100 |    85 ||   226
       Rpst.: Scimitar   |       |       |    24 ||    24
